 Dungeon Crawl Stone Soup version 0.29.1-2-gbd0b4ee654 (webtiles) character file.

Game seed: 836777031368403130

243 kingsuperguy the Cudgeller (level 5, -9/48 HPs)
             Began as a Minotaur Berserker on Nov 18, 2022.
             Was a Priest of Trog.
             Killed by divine providence
             ... invoked by an orc priest
              (12 damage)
             ... on level 4 of the Dungeon.
             The game lasted 00:03:38 (3157 turns).

kingsuperguy the Cudgeller (Minotaur Berserker)     Turns: 3157, Time: 00:03:39

Health: -9/48      AC: 12    Str: 24    XL:     5   Next: 82%
Magic:  4/4        EV:  7    Int:  4    God:    Trog [***...]
Gold:   121        SH:  0    Dex:  9    Spells: 4/4 levels left

rFire   . . .      SeeInvis .   a - +0 mace
rCold   . . .      Faith    +   (no shield)
rNeg    . . .      Spirit   .   k - +0 plate armour
rPois   .          Reflect  .   (helmet restricted)
rElec   .          Harm     .   (no cloak)
rCorr   .          Rampage  .   (no gloves)
Will    .....                   r - +0 pair of boots
Stlth   ..........              e - amulet of faith
HPRegen 0.16/turn               (no ring)
MPRegen 0.09/turn               (no ring)

@: on berserk cooldown, slowed, very slow
A: horns 2, retaliatory headbutt
a: Renounce Religion, Berserk, Trog's Hand


You were on level 4 of the Dungeon.
You worshipped Trog.
Trog was most pleased with you.
You visited 1 branch of the dungeon, and saw 4 of its levels.

You collected 121 gold pieces.

Inventory:

Hand Weapons
 a - a +0 mace (weapon)
Armour
 b - a +0 animal skin
 k - a +0 plate armour (worn)
 r - a +0 pair of boots (worn)
Jewellery
 e - an amulet of faith (around neck)
 g - an amulet of guardian spirit
 o - a ring of resist corrosion
Scrolls
 d - a scroll of vulnerability {unknown}
 f - 2 scrolls of fear {unknown}
 h - 2 scrolls of magic mapping {unknown}
 i - a scroll of silence {unknown}
 q - a scroll of identify {unknown}
 s - a scroll of enchant armour {unknown}
Potions
 c - a potion of haste {unknown}
 j - a potion of heal wounds {unknown}
 l - a potion of magic {unknown}
 m - a potion of curing {unknown}
 n - 3 potions of flight {unknown}
 p - a potion of degeneration {unknown}


   Skills:
 + Level 5.2 Fighting
 + Level 6.1 Maces & Flails
 + Level 3.5 Armour
 + Level 2.7 Dodging
 + Level 0.4 Stealth


You had 4 spell levels left.
You didn't know any spells.
Your spell library was empty.

Dungeon Overview and Level Annotations

Branches:
Dungeon (4/15)
 Temple: D:4-7

Altars:

Shops:
D:1 [   D:2 [


Innate Abilities, Weirdness & Mutations

You have a pair of horns on your head.
You reflexively headbutt those who attack you in melee.


Message History

The goblin hits you with a +0 dagger.
You sock the orc!
You kill the orc!
Trog accepts your kill. The gnoll hits you with a +0 spear.
You sock the gnoll!
You kill the gnoll!
Trog accepts your kill. The dart slug launches a dart at you.
The slug dart hits you but does no damage.
The orc barely misses you. You furiously retaliate!
You headbutt the orc!
You kill the orc!
Trog accepts your kill.
The orc priest invokes the aid of Beogh against you.
Pain shoots through your body!
* * * LOW HITPOINT WARNING * * *
The goblin hits you with a +0 dagger.
* * * LOW HITPOINT WARNING * * *
You sock the goblin!
You kill the goblin!
Trog accepts your kill.
Found a whip.
The orc priest mumbles some strange prayers to Beogh against you.
Pain shoots through your body!
* * * LOW HITPOINT WARNING * * *
You see here a +0 spear.
You are too berserk!
You feel a strong urge to attack something.
You are no longer berserk.
You are exhausted.
You feel yourself slow down.
The orc priest hits you with a +0 hand axe.
* * * LOW HITPOINT WARNING * * *
You hit the orc priest.
The orc priest is moderately wounded.
The dart slug launches a dart at you.
The slug dart hits you but does no damage.
The orc priest mumbles some strange prayers to Beogh against you.
Beogh smites you!
You die...

#..........### .....
...####.#.### #.....#
....#....#...####.......
....#.#####...#.#.......
....#.#..'.#.)).........
....#.#g.#...)).........
....#.######.)..........
....#....#.#..))..$.....
................@.....).
................o.......
..........##......w.##..
...........#.##..>...#
#..........#. #......#
#.........#.. #........
.......#..... #.........
.........#.. .......#..
......#.##..


You could see an orc priest and a dart slug.

Vanquished Creatures
  An ogre (D:3)
  4 gnolls (D:4)
  3 adders
  An ufetubus (D:4)
  3 dart slugs (D:2)
  2 worms
  4 orcs (D:4)
  5 ball pythons
  5 endoplasms
  4 giant cockroaches
  7 goblins
  6 hobgoblins
  3 jackals (D:3)
  5 kobolds
  4 quokkas
  4 bats
  A frilled lizard (D:3)
  3 rats
65 creatures vanquished.

Vanquished Creatures (others)
  A withered plant (D:4)
1 creature vanquished.

Grand Total: 66 creatures vanquished

Notes
Turn   | Place    | Note
-------+----------+-------------------------------------------
     0 | D:1      | kingsuperguy the Minotaur Berserker began the quest for the
                  | Orb.
     0 | D:1      | Reached XP level 1. HP: 19/19 MP: 0/0
   134 | D:1      | Found Vaog's Armour Emporium.
   291 | D:1      | Reached XP level 2. HP: 27/27 MP: 1/1
   606 | D:1      | Found a faded altar of an unknown god.
   748 | D:1      | Reached skill level 4 in Maces & Flails
   981 | D:2      | Reached XP level 3. HP: 15/33 MP: 2/2
  1377 | D:2      | Reached ** piety under Trog
  1524 | D:2      | Found Xidoc's Antique Armour Shoppe.
  1811 | D:2      | You fall into a shaft and drop 1 floor!
  1933 | D:3      | Reached XP level 4. HP: 39/41 MP: 3/3
  2524 | D:3      | Noticed an ogre
  2533 | D:3      | Killed an ogre
  2534 | D:3      | Reached skill level 5 in Maces & Flails
  2534 | D:3      | Reached XP level 5. HP: 26/47 MP: 4/4
  3002 | D:4      | Reached skill level 5 in Fighting
  3150 | D:4      | Reached skill level 6 in Maces & Flails
  3154 | D:4      | Reached *** piety under Trog
  3157 | D:4      | Killed from afar by an orc priest

Illustrated notes

Levels and vault maps discovered:
D:1:      zaba_arrival_water, layout_basic, serial_shops,
          nicolae_shop_advertising_works [nicolae_subvault_shop_adworks],
          dilly_ecumenical_altar_fadedgnrine, minmay_hedge_maze, corner_web_ring
D:2:      layout_rooms, serial_shops, nicolae_shop_statue_plus,
          minmay_heptomino_w4
D:3:      layout_loops_ring, st_stairs_2
D:4:      layout_cave_pools, kiku_gazebo_garden_becter, serial_glass,
          glass_columns_c, glass_columns_b, corexii_checkpoint_b, st_stairs_11,
          amcnicky_mini_rare_corridor_liquid, nicolae_shop_firing_range

Skill      XL: |  1  2  3  4  5 |
---------------+----------------+-----
Fighting       | 4 5 |  5.2
Maces & Flails | 4 5 6 |  6.1
Armour         | 3 |  3.5
Dodging        | |  2.7
Stealth        | |  0.4

Action                   |  1- 3 |  4- 6 || total
-------------------------+-------+-------++-------
Melee: Mace              |    84 |    72 ||   156
       Headbutt          |     7 |     6 ||    13
Invok: Berserk           |     1 |     2 ||     3
Armor: Animal skin       |     6 |       ||     6
       Plate armour      |    36 |    56 ||    92
Dodge: Dodged            |    43 |    34 ||    77
